 Dungeon Crawl Stone Soup version 0.19-a0-1879-gd95bc26 (webtiles) character file.

51 Grim the Conjurer (level 3, -11/16 HPs)
             Began as a Vine Stalker Conjurer on Oct 14, 2016.
             Killed from afar by Ijyb (12 damage)
             ... with a wand of lightning
             ... on level 2 of the Dungeon.
             The game lasted 00:05:52 (1525 turns).

Grim the Conjurer (Vine Stalker Conjurer)           Turns: 1525, Time: 00:05:53

Health: -11/16     AC:  2    Str: 10    XL:     3   Next: 81%
Magic:  0/7        EV: 12    Int: 15    God:
Gold:   52         SH:  0    Dex: 15    Spells: 2 memorised, 3 levels left

rFire  . . .     SeeInvis .     n - +0 quarterstaff
rCold  . . .     Gourm    .     a - +0 robe
rNeg   . . .     Faith    .     (shield currently unavailable)
rPois  .         Spirit   +     (no helmet)
rElec  .         Dismiss  .     (no cloak)
rCorr  .         Reflect  .     (no gloves)
MR     .....     Harm     .     (no boots)
Stlth  ++........               (no amulet)
                                (no ring)
                                (no ring)

@: very slightly contaminated
A: fangs 2, magic shield, antimagic bite, no device heal 3, rot immunity
a: no special abilities


You were on level 2 of the Dungeon.
You were not hungry.

You visited 1 branch of the dungeon, and saw 2 of its levels.

You collected 52 gold pieces.

Inventory:

Hand Weapons
 n - a +0 quarterstaff (weapon)
Armour
 a - a +0 robe (worn)
Scrolls
 e - a scroll of identify {unknown}
 i - 2 scrolls of magic mapping {unknown}
 j - a scroll of remove curse {unknown}
 k - a scroll of fear {unknown}
 l - a scroll of fog {unknown}
 o - a scroll of enchant weapon {unknown}
Potions
 d - a potion of haste
 f - 2 potions of agility {unknown}
 g - 2 potions of curing
 h - a potion of heal wounds {unknown}
Books
 b - a book of Conjurations

   Spells                             Type                      Level
   a - Magic Dart                     Conjuration                  1
   b - Searing Ray                    Conjuration                  2
   c - Dazzling Spray                 Conjuration/Hexes            3
   d - Fulminant Prism                Conjuration/Hexes            4
   e - Iskenderun's Mystic Blast      Conjuration                  4
   f - Iskenderun's Battlesphere      Conjuration/Charms           5
Comestibles
 c - 2 bread rations
 m - 4 fruits


   Skills:
 * Level 0.0 Staves
 - Level 1.5 Dodging
 - Level 2.4 Stealth
 - Level 1.3 Unarmed Combat
 - Level 2.1 Spellcasting
 - Level 5.1 Conjurations


You had 3 spell levels left.
You knew the following spells:

 Your Spells              Type           Power        Failure   Level  Hunger
a - Magic Dart            Conj           ###.         2%          1    #......
b - Searing Ray           Conj           ###...       4%          2    ###....


Dungeon Overview and Level Annotations

Branches:
Dungeon (2/15)

Altars:

Annotations:
D:2 Ijyb


Innate Abilities, Weirdness & Mutations

You have extremely sharp teeth.
When hurt, damage is shared between your health and your magic reserves.
Your bite disrupts and absorbs the magic of your enemies.
Potions and wands cannot restore your health.
You are immune to rotting.


Message History

Confirm with . or Enter, or press ? or * to list all spells.
Aiming: Searing Ray
Press: ? - help, Shift-Dir - straight line, f/p - Ijyb
Aim: Ijyb, wielding a dagger (heavily wounded)
The searing ray hits Ijyb.
Ijyb is severely wounded.
Ijyb zaps a wand.
The bolt of lightning hits you!
Ouch! That really hurt!
* * * LOW HITPOINT WARNING * * *
It is a wand of lightning.
Drop what? 15/52 slots (_ for help) (? for menu, Esc to quit)
Okay, then.
Unknown command.
Unknown command.
It was a potion of curing.
That felt strangely inert.
Ijyb closely misses you.
You hit Ijyb.
Ijyb is almost dead.
Ijyb zaps a wand.
The bolt of lightning hits you!
Ouch! That really hurt!
You die...

#.# #.####.#. ........
#.... #.# #.#......
.......
###....#####.###.#.##...
.....)
.......................
.....#
##....#####.###.#.##..#
.....# ..... #.#
#†#.##..# .....# ) ...
##.###.#......
...).#....
#g####.............
..<.......
#.@.........#>.##.#
.#..##....
#.##.##.##..#..##.#
.#..... .
.................##.#
.........
...............#..##.#
.....##.#
####..##.####..........
##.### #
###...##.......##......
#...
...................##..
##### #.
#....#.##....##)..... #
#.#
#....#.##....##...#..


You could see Ijyb.

Vanquished Creatures
  An adder (D:2)
  2 dart slugs (D:1)
  7 goblins
  8 hobgoblins (D:1)
  8 kobolds
  A ball python (D:1)
  3 bats (D:1)
  3 frilled lizards (D:1)
  2 rats (D:1)
35 creatures vanquished.

Notes
Turn   | Place    | Note
-------+----------+-------------------------------------------
     0 | D:1      | Grim the Vine Stalker Conjurer began the quest for the Orb.
     0 | D:1      | Reached XP level 1. HP: 9/9 MP: 4/4
   187 | D:1      | Reached XP level 2. HP: 13/13 MP: 4/6
   282 | D:1      | Reached skill level 1 in Unarmed Combat
   657 | D:1      | Reached XP level 3. HP: 16/16 MP: 3/7
  1083 | D:1      | Learned a level 2 spell: Searing Ray
  1461 | D:2      | Reached skill level 5 in Conjurations
  1518 | D:2      | Noticed Ijyb
  1525 | D:2      | Killed from afar by Ijyb

Vault maps used:
D:1:      minmay_arrival_nine_rooms, minmay_tromino_v2
D:2:      uniq_iyjb, uniq_crazy_yiuf_cottage

Skill      XL: |  1  2  3 |
---------------+----------+-----
Unarmed Combat | 1 |  1.3
Conjurations   | 5 |  5.1
Dodging        | |  1.5
Stealth        | |  2.4
Spellcasting   | |  2.1

Action                   || total
-------------------------++-------
Melee: Unarmed           ||    34
       Bite              ||    10
       Quarterstaff      ||     5
 Cast: Magic Dart        ||    57
       Searing Ray       ||     2
  Use: Potion            ||     1
  Eat: Chunk             ||     3
Armor: Robe              ||     4
Dodge: Dodged            ||    26
